cohdb
Replays
Latest Replays
All Replays
Popular Replays
Top Player Replays
Match Explorer
How It Works
Community
CoH3 Stats
Reddit
Sign in to upload your games and track your stats! →
Sign in with Steam
Match 45127526
Unlisted
Match 45127526
Overview
Messages
Build Orders
End
Panzergrenadier Squad
Selects Armored Support Battlegroup
Kradschützen Motorcycle Team
Panzergrenadier Squad
250 Light Carrier
Construct Light Support Kompanie
Combat Half-tracks
2.5-tonne Medical Truck
Panzerjäger Mechanized Group
Fire Support Elements
Construct Mechanized Kompanie
StuG III D Assault Gun
Vehicle Survival Package
Marder III Tank Destroyer
Selects Superior Fire Drills
Selects Flammpanzer III Medium Tank
Flammpanzer III Medium Tank
Panzerpioneer Squad
Selects Salvage Kits
Emergency Repair Kits
Gaylord Thistlebottom VII
Dr. Alfred Plumville
温酒斩华佗
PayPerPaper
SAM
Leroy
0
0
Comments
sign in to comment!
No comments posted yet!